 Dungeon Crawl Stone Soup version 0.21.1-1-g345015f (webtiles) character file.

39 shakethe the Chopper (level 3, -3/43 HPs)
             Began as a Human Berserker on Feb 5, 2018.
             Was a Believer of Trog.
             Killed from afar by an orc wizard (10 damage)
             ... with a puff of frost
             ... on level 1 of the Dungeon.
             The game lasted 00:03:07 (1059 turns).

shakethe the Chopper (Human Berserker)              Turns: 1059, Time: 00:03:08

Health: -3/43      AC:  7    Str: 22    XL:     3   Next: 67%
Magic:  3/3        EV: 11    Int:  7    God:    Trog [**....]
Gold:   35         SH:  0    Dex: 13    Spells: 2/2 levels left

rFire    + . .     SeeInvis .   a - +0 hand axe
rCold    x . .     Gourm    .   (no shield)
rNeg     . . .     Faith    .   j - +0 ring mail
rPois    .         Spirit   .   (no helmet)
rElec    .         Reflect  .   e - +0 cloak
rCorr    .         Harm     .   h - +0 pair of gloves
MR       .....                  (no boots)
Stlth    ..........             (no amulet)
HPRegen  0.14/turn              k - ring of fire
MPRegen  0.08/turn              (no ring)

@: berserking (expiring), very quick
A: no striking features
a: Berserk, Trog's Hand, Burn Spellbooks, Renounce Religion


You were on level 1 of the Dungeon.
You worshipped Trog.
Trog was pleased with you.
You were very hungry.

You visited 1 branch of the dungeon, and saw 2 of its levels.

You collected 35 gold pieces.

Inventory:

Hand Weapons
 a - a +0 hand axe (weapon)
Missiles
 l - 5 steel javelins (quivered)
Armour
 b - a +0 animal skin
 e - a +0 cloak (worn)
 f - a +0 leather armour
 h - a +0 pair of gloves (worn)
 j - a +0 ring mail (worn)
Jewellery
 k - a ring of fire (left hand)
Scrolls
 i - a scroll of remove curse {unknown}
 o - a scroll of random uselessness {unknown}
Potions
 g - 4 potions of curing {unknown}
 m - a potion of might {unknown}
 n - a potion of agility {unknown}
 p - a potion of brilliance {unknown}
Comestibles
 c - a ration
 d - a chunk of flesh


   Skills:
 - Level 3.0 Fighting
 + Level 3.7 Axes
 + Level 2.0 Throwing
 - Level 2.0 Armour
 - Level 2.0 Dodging


You had 2 spell levels left.
You didn't know any spells.

Dungeon Overview and Level Annotations

Branches:
Dungeon (2/15)

Altars:


Message History

* * * LOW HITPOINT WARNING * * *
Something hits you but does no damage.
Things that are here:
a hand axe; an orc corpse You hit something.
Something hits you.
* * * LOW HITPOINT WARNING * * *
You closely miss something. Something hits you.
* * * LOW HITPOINT WARNING * * *
You slash something!
You hear some strange, mumbled words.
A magic dart appears from out of thin air!
The magic dart hits you!
* * * LOW HITPOINT WARNING * * *
You closely miss something. You miss something.
Something hits you but does no damage. x2
You miss something.
You hear some strange, mumbled words.
A puff of frost appears from out of thin air!
The puff of frost hits you!
You feel a terrible chill!
You die...

#####.....###.######.###.#######
##.....)...###.#.......##.#......
.......).......#.####..#.........
........#..#####.# #..####.#####
....###.#### #.# #..# #.# # ....#
♣.♣ #####.####..# #.# #
....#♣♣.♣♣##...........# #.# #
#.#....................# #.# #
#.###♣♣.♣♣#.....@......# #.#####
#.### ♣.♣ ##...†>......# #.#....
#...###.###............####.#.###
..###....###................#....
#.###....##.............########.
#........##..)........#.#.....>..
...##....##...........#.#.######.
...##........).....).............
...##....##.#######.#...#.######.


There were no monsters in sight!

Vanquished Creatures
  An ooze (D:1)
  A dart slug (D:1)
  2 leopard geckos (D:1)
  An orc (D:1)
  3 bats (D:1)
  2 giant cockroaches
  2 goblins (D:1)
  2 hobgoblins (D:1)
  4 jackals (D:1)
  3 kobolds (D:1)
  A ball python (D:1)
  6 rats
28 creatures vanquished.

Notes
Turn   | Place    | Note
-------+----------+-------------------------------------------
     0 | D:1      | shakethe the Human Berserker began the quest for the Orb.
     0 | D:1      | Reached XP level 1. HP: 18/18 MP: 1/1
   116 | D:1      | Reached skill level 1 in Throwing
   116 | D:1      | Reached XP level 2. HP: 17/24 MP: 2/2
   376 | D:1      | Reached XP level 3. HP: 29/29 MP: 3/3
   914 | D:1      | Reached ** piety under Trog
  1059 | D:1      | Killed from afar by an orc wizard

Skill      XL: |  1  2  3 |
---------------+----------+-----
Throwing       | 1 2 |  2.0
Fighting       | |  3.0
Axes           | |  3.7
Armour         | |  2.0
Dodging        | |  2.0

Action                   || total
-------------------------++-------
Melee: Hand axe          ||    75
Invok: Berserk           ||     1
Armor: Leather armour    ||     6
       Animal skin       ||     1
       Ring mail         ||    43
Dodge: Dodged            ||    37
